 Dungeon Crawl Stone Soup version 0.31-a0-188-g5e087ee2ca (webtiles) character file.

Game seed: 8293397988991215787

224 qw the Skirmisher (level 5, -3/29 HPs)
             Began as a Deep Elf Hunter on June 23, 2023.
             Slain by Sigmund
             ... wielding a +0 scythe
              (12 damage)
             ... on level 3 of the Dungeon.
             The game lasted 00:00:50 (2003 turns).

qw the Skirmisher (Deep Elf Hunter)                 Turns: 2003, Time: 00:00:51

Health: -3/29      AC:  6    Str: 10    XL:     5   Next: 67%
Magic:  7/7        EV: 13    Int: 14    God:
Gold:   137        SH:  5    Dex: 18    Spells: 4/4 levels left

rFire   . . .        Y - +2 shortbow
rCold   . . .        (shield currently unavailable)
rNeg    + . .        c - +0 leather armour
rPois   .            (no helmet)
rElec   .            (no cloak)
rCorr   .            (no gloves)
SInv    .            e - +2 pair of boots
Will    .....        j - amulet of reflection
Stlth   ++           i - ring of positive energy
HPRegen 0.24/turn    (no ring)
MPRegen 0.10/turn

%: reflection
@: no status effects
A: no striking features
a: no special abilities


You were on level 3 of the Dungeon.
You visited 1 branch of the dungeon, and saw 3 of its levels.

You collected 137 gold pieces.


   Skills:
 + Level 1.5 Fighting
 - Level 9.0 Ranged Weapons
 - Level 3.1 Dodging
 - Level 1.2 Stealth


You had 4 spell levels left.
You didn't know any spells.
Your spell library was empty.

Inventory:

Hand Weapons
 Y - a +2 shortbow (weapon)
Armour
 b - a +0 cloak
 c - a +0 leather armour (worn)
 e - a +2 pair of boots (worn)
Jewellery
 i - a ring of positive energy (left hand)
 j - an amulet of reflection (around neck)
Scrolls
 a - a scroll of identify
Potions
 d - a potion of magic {unknown}
 f - a potion of might
 g - 2 potions of heal wounds {unknown}
 h - a potion of lignification {unknown}
 k - a potion of enlightenment {unknown}

Dungeon Overview and Level Annotations

Branches:
Dungeon (3/15)

Altars:
Hepliaklqana

Annotations:
D:3 1 runed translucent door, Crazy Yiuf, Sigmund


Message History

Enter note:
Enter note:
Enter note:
Enter note:
Enter note: You open the door.
Sigmund the Dreaded comes into view.
He is wielding a +0 scythe.
Enter note:
Enter note:
Enter note:
Enter note:
Enter note:
Enter note:
Enter note:
Enter note: You shoot an arrow.
The arrow hits Sigmund.
Sigmund shouts!
Sigmund is lightly wounded.
Sigmund mumbles some strange words.
Sigmund flickers and vanishes!
Deactivating autopickup; reactivate with Ctrl-A.
You shoot an arrow. You shoot an arrow. You shoot an arrow. You shoot an arrow.
You shoot an arrow. You shoot an arrow. You shoot an arrow. You shoot an arrow.
A puff of flame appears from out of thin air!
The puff of flame hits you.
You shoot an arrow. You shoot an arrow. You shoot an arrow. You shoot an arrow.
Something hits you!
Ouch! That really hurt!
You shoot an arrow. Something hits you!
You die...

####.# #.........#
...>.########..)......#
######......#......(..#
>...........#.........#
#####.......#.........#
#...........#.........#
#.###......%#.........+
#.# #....%..#.........#
#.# #.......#...@.....#
#'###...%...###{#######
...##.#'######..
....#...# #.. ....#####
#.. ........# #..
...####.# #.. ...# #.#
### ...# #.#


There were no monsters in sight!

Vanquished Creatures
  An ice beast (D:3)
  Jessica (D:2)
  Ijyb (D:3)
  3 adders (D:2)
  A worm (D:3)
  A dart slug (D:1)
  3 ball pythons
  6 bats
  A giant cockroach (D:2)
  3 goblins
  3 hobgoblins (D:1)
  5 jackals (D:2)
  9 kobolds
  2 quokkas
  4 frilled lizards
  5 rats
49 creatures vanquished.

Notes
Turn   | Place    | Note
-------+----------+-------------------------------------------
     0 | D:1      | qw the Deep Elf Hunter began the quest for the Orb.
     0 | D:1      | Reached XP level 1. HP: 12/12 MP: 3/3
     0 | D:1      | 0 ||| qw: Version: 0.3-a-9-g12657ce
     0 | D:1      | 0 ||| qw: Game counter: 3461
     0 | D:1      | 0 ||| qw: Always use a shield: true
     0 | D:1      | 0 ||| qw: God list: Okawaru
     0 | D:1      | 0 ||| qw: Allow faded altars: false
     0 | D:1      | 0 ||| qw: Do Orc after D:15 true
     0 | D:1      | 0 ||| qw: Do second Lair branch before Depths: true
     0 | D:1      | 0 ||| qw: Lair rune preference: random
     0 | D:1      | 0 ||| qw: Plans: Normal
     0 | D:1      | 0 ||| PLANNING D:1-11
   116 | D:1      | Reached skill level 6 in Ranged Weapons
   116 | D:1      | Reached XP level 2. HP: 16/16 MP: 4/4
   181 | D:1      | Found a faded altar of an unknown god.
   456 | D:1      | Reached XP level 3. HP: 20/20 MP: 5/5
   518 | D:1      | 518 ||| UPGRADING to +2 pair of boots.
   523 | D:1      | 523 ||| UPGRADING to amulet of reflection.
   528 | D:1      | 528 ||| READING 3 scrolls labelled FEIHOAFACIH.
   529 | D:1      | 529 ||| READING scroll labelled ETHRAHANTO.
   530 | D:1      | 530 ||| READING 2 scrolls labelled MOHAM PIUQYNUZAGO.
   531 | D:1      | 531 ||| READING 2 scrolls of identify.
   531 | D:1      | 531 ||| IDENTIFYING fuming red potion
   532 | D:1      | 532 ||| DROPPING scroll of butterflies.
   533 | D:1      | 533 ||| DROPPING scroll of fog.
   535 | D:1      | 535 ||| Stepping ~*~*~tactically~*~*~ (cloud).
   535 | D:1      | HP: 3/20 [poisoned by you (poison gas)]
   536 | D:1      | 536 ||| DRINKING potion of curing.
   536 | D:1      | 536 ||| (to cure poison)
   900 | D:2      | Reached skill level 7 in Ranged Weapons
  1298 | D:2      | Reached XP level 4. HP: 25/25 MP: 6/6
  1299 | D:2      | Noticed Jessica
  1309 | D:2      | Killed Jessica
  1450 | D:2      | 1450 ||| UPGRADING to ring of positive energy.
  1451 | D:2      | 1451 ||| READING 2 scrolls labelled KUNU MAQUJIRE.
  1452 | D:2      | 1452 ||| READING scroll of enchant weapon.
  1452 | D:2      | 1452 ||| ENCHANTING +1 shortbow.
  1453 | D:2      | 1453 ||| READING scroll labelled VUF LEYNIBESH.
  1456 | D:2      | 1456 ||| READING scroll labelled HIW XATAUFIRYMOSA.
  1457 | D:2      | 1457 ||| DRINKING 2 brown potions.
  1458 | D:2      | 1458 ||| READING 2 scrolls of identify.
  1458 | D:2      | 1458 ||| IDENTIFYING fizzy ruby potion
  1459 | D:2      | 1459 ||| DROPPING potion of degeneration.
  1695 | D:3      | Noticed an ice beast
  1706 | D:3      | Killed an ice beast
  1707 | D:3      | Reached skill level 9 in Ranged Weapons
  1707 | D:3      | Reached XP level 5. HP: 29/29 MP: 7/7
  1723 | D:3      | Found a runed translucent door.
  1724 | D:3      | Noticed Crazy Yiuf
  1896 | D:3      | Found a hazy altar of Hepliaklqana.
  1942 | D:3      | Noticed Ijyb
  1950 | D:3      | Paralysed by Ijyb for 3 turns
  1958 | D:3      | Paralysed by Ijyb for 4 turns
  1964 | D:3      | Killed Ijyb
  1965 | D:3      | Reached skill level 3 in Dodging
  1989 | D:3      | Noticed Sigmund
  2003 | D:3      | Slain by Sigmund

Levels and vault maps discovered:
D:1:      minmay_arrival_four_houses, layout_rooms,
          ebering_ecumenical_altar_webs, st_stairs_7, minmay_box_of_dots
D:2:      layout_basic, uniq_jessica
D:3:      layout_basic, slow_altar_1, amcnicky_altar_gilded, uniq_ijyb,
          uniq_crazy_yiuf_cottage, uniq_sigmund

Skill      XL: |  1  2  3  4  5 |
---------------+----------------+-----
Ranged Weapons | 6 7 9 |  9.0
Dodging        | 3 |  3.1
Fighting       | |  1.5
Stealth        | |  1.2

Action                     |  1- 3 |  4- 6 || total
---------------------------+-------+-------++-------
   Fire: Shortbow          |   108 |    73 ||   181
    Use: Scroll            |     4 |     5 ||     9
         Potion            |     1 |     1 ||     2
 Armour: Leather armour    |    15 |     6 ||    21
  Dodge: Dodged            |    36 |    11 ||    47
  Block: Other             |     9 |     3 ||    12

Table legend:
 A = Non-vault XP
 B = Vault XP
 C = Vault XP percentage of total XP
 D = Non-vault monster count
 E = Vault monster count
 F = Vault count percentage of total count
                 A         B        C        D         E       F
            +---------+---------+-------+---------+---------+-------
      Total |     239 |      81 |  25.3 |      42 |       7 |  14.3
            +---------+---------+-------+---------+---------+-------
        D:1 |      34 |       8 |  19.0 |      18 |       5 |  21.7
        D:2 |      57 |      37 |  39.4 |      13 |       1 |   7.1
        D:3 |     148 |      36 |  19.6 |      11 |       1 |   8.3
            +---------+---------+-------+---------+---------+-------
